[Event "CCT Final-KO 2024"]
[Site "Oslo"]
[Date "2024.12.20"]
[Round "1.1"]
[White "Carlsen, Magnus"]
[Black "Vachier-Lagrave, Maxime"]
[Result "1-0"]
[ECO "A36"]
[WhiteElo "2906"]
[BlackElo "2852"]
[Annotator "TA"]
[PlyCount "97"]
[EventDate "2024.12.11"]
[EventType "k.o."]
[EventCountry "NOR"]
[SourceTitle "playchess.com"]
[Source "ChessBase"]
[SourceQuality "1"]
[TimeControl "600+2"]

1. c4 g6 2. g3 c5 3. Bg2 Bg7 4. Nc3 Nf6 5. Nh3 Nc6 6. Nf4 d6 7. b3 O-O 8. O-O Rb8 9. Bb2 a6 10. d3 Bd7 11. Qd2 b5 12. Ncd5 e6 13. Nxf6+ Bxf6 14. Bxf6 Qxf6 15. e3 Rfd8 16. Rac1 bxc4 17. dxc4 Ne5 18. Rfd1 Bc6 19. Bxc6 Nxc6 20. Nd3 a5 21. h4 a4 22. Rb1 axb3 23. axb3 Ra8 24. Kg2 h5 25. Qe2 Rdb8 26. Nf4 (26. Ne1 $11 {keeps the balance.}) 26... Rd8 (26... Qe7 $17) 27. Rd2 (27. Nd3 $11 {is superior.}) 27... Kf8 (27... Qe7 $15) 28. Rbd1 $11 Ke7 29. Qf3 Ra6 30. Rd5 (30. Qe4 $11 Qe5 31. Qf3) 30... Rd7 (30... Rb6 $17 31. Qe4 Ne5 (31... Rxb3 32. Rxh5 Ne5 33. Rg5 $17)) 31. Qe4 $11 Ne5 (31... Qh8 {simplifies} 32. R5d2 Ne5 33. Nd3 Rda7) 32. Rxc5 $1 dxc5 (32... Qf5 $11 33. Qxf5 gxf5) 33. Rxd7+ $14 Kxd7 (33... Kf8 $1 $14 34. Qb7 Ra2 35. Qc8+ (35. Rc7 Rd2 $11) 35... Kg7) 34. Qb7+ $16 Ke8 35. Qxa6 Qf5 $2 (35... Qd8 $16 36. Qb5+ Nd7) 36. Qc8+ $18 Ke7 37. Qxc5+ Ke8 38. Qd4 Ng4 39. e4 Qa5 40. Nh3 Qb4 $2 (40... Qe5 41. Qxe5 Nxe5) 41. Ng5 $18 Qe1 42. c5 e5 43. Qa4+ Kf8 44. Qa2 f6 45. Qa8+ Ke7 46. Qb7+ Kd8 47. Ne6+ Ke8 48. Qc8+ Ke7 49. Qd8+ 1-0

[Event "CCT Final-KO 2024"]
[Site "Oslo"]
[Date "2024.12.20"]
[Round "1.1"]
[White "Firouzja, Alireza"]
[Black "Nepomniachtchi, Ian"]
[Result "0-1"]
[ECO "C42"]
[WhiteElo "2870"]
[BlackElo "2827"]
[Annotator "TA"]
[PlyCount "116"]
[EventDate "2024.12.11"]
[EventType "k.o."]
[EventCountry "NOR"]
[SourceTitle "playchess.com"]
[Source "ChessBase"]
[SourceQuality "1"]
[TimeControl "600+2"]

1. e4 e5 2. Nf3 Nf6 3. Nxe5 d6 4. Nf3 Nxe4 5. Nc3 Nxc3 6. dxc3 Be7 7. Be3 Nd7 8. Qd2 {[%emt 0:00:03] C42: Petroff Defence: 3 Nxe5 and unusual White 3rd moves.} O-O 9. O-O-O Nf6 10. Bd3 Re8 $1 {[%emt 0:00:02][%mdl 4] is currently scoring better than 10...c5.} 11. Rhe1 Bg4 12. c4 g6 13. Kb1 Qd7 14. Bd4 $146 ({Predecessor:} 14. Be2 Ne4 15. Qa5 Bf6 16. h3 b6 17. Qa3 Be6 18. Bd3 Nc5 19. Nd4 Nxd3 20. Qxd3 Bf5 21. Nxf5 Qxf5 22. Qxf5 gxf5 23. b3 Kg7 24. Kc1 Kg6 25. g3 Re6 {½-½ Betker,J (2454)-Velilla Velasco,F (2545) EU-ch 2019 ct01 email}) 14... Bxf3 15. gxf3 Nh5 16. Be4 c6 17. f4 Qg4 18. f5 Bf6 19. f3 Qh4 20. Bf2 Qxh2 21. Rh1 Qf4 22. Qxf4 Nxf4 23. Rxd6 Kg7 24. Bc5 Nh5 25. Rg1 Red8 26. Rxd8 Bxd8 27. Rd1 Bb6 28. Bb4 Rd8 29. Bc3+ Kg8 30. Bd3 Nf4 31. fxg6 (31. Bf6 $11 Re8 32. a3) 31... fxg6 $17 32. c5 Bxc5 33. Bc4+ Nd5 34. Be5 Kf7 35. f4 Ke6 (35... Bd6 $19 {is more deadly.} 36. Bxd5+ cxd5 37. Rxd5 Bc7 38. Rxd8 Bxd8) 36. Rh1 ({Better is} 36. Re1 Kf7 37. Rh1) 36... h5 $17 37. Bd3 Bd6 38. Bxd6 Rxd6 39. f5+ (39. Bxg6 $2 {is the wrong capture.} Nxf4 40. Bd3 Nxd3 41. cxd3 Rd5 (41... Rxd3 42. Rxh5 Rd1+ 43. Kc2 $15)) 39... gxf5 40. Rxh5 Ne7 41. Kc1 Rd4 42. Kd2 Rg4 43. Rh6+ Rg6 44. Rh7 a5 45. a4 Rf6 46. Ke3 b6 47. Bc4+ Kd6 48. Kf4 Nd5+ 49. Kg5 ({White should play} 49. Bxd5 $15 Kxd5 50. Rh8) 49... Rf8 $17 50. Rh6+ {[%emt 0:00:02] [#]} (50. Bxd5 $17 {only move.} Kxd5 51. Kf4) 50... Kc5 (50... Ke5 $1 $19 {Threatens to win with ...Rg8+.} 51. Rxc6 f4) 51. Bd3 $2 (51. Be2 $17 {might work better.}) 51... f4 $19 52. Rh2 $2 (52. Kg4 {is a better defense.} f3 53. Re6) 52... Kd4 53. Re2 f3 54. Re4+ Kc5 55. Rc4+ Kd6 56. Re4 f2 57. Bf1 (57. c4 $142 Rf3 (57... f1=R $2 58. Bxf1 Rxf1 59. cxd5 $19) (57... f1=N $2 58. cxd5 Nd2 59. Rg4 $19) (57... f1=B $2 58. Bxf1 Rxf1 59. cxd5 $19) 58. cxd5 Rxd3 59. Rf4 Rxd5+ (59... Kxd5 $2 60. Rxf2 Rd4 61. b3 $19) 60. Kg4) 57... Rg8+ $19 58. Kf5 Rg1 0-1

[Event "CCT Final-KO 2024"]
[Site "Oslo"]
[Date "2024.12.21"]
[Round "1.1"]
[White "Carlsen, Magnus"]
[Black "Nepomniachtchi, Ian"]
[Result "1/2-1/2"]
[ECO "B22"]
[WhiteElo "2838"]
[BlackElo "2758"]
[Annotator "TA"]
[PlyCount "173"]
[EventDate "2024.12.11"]
[EventType "k.o."]
[EventCountry "NOR"]
[SourceTitle "playchess.com"]
[Source "ChessBase"]
[SourceQuality "1"]
[TimeControl "600+2"]

1. e4 c5 2. c3 Nf6 3. e5 Nd5 4. Nf3 Nc6 5. d4 cxd4 6. Bc4 Nb6 7. Bb3 g6 8. cxd4 Bg7 9. Nc3 O-O 10. O-O d6 11. exd6 Qxd6 12. d5 Na5 13. Re1 Nxb3 14. Qxb3 Bg4 15. Bg5 Rfe8 16. Rad1 Bxf3 17. gxf3 Qd7 18. Ne4 h6 19. Be3 Qh3 20. Bf4 Nd7 21. d6 Ne5 22. Bg3 Rad8 23. f4 Nc6 24. Qxb7 Nd4 25. Kh1 exd6 26. Qd5 Nf5 27. b4 Re6 28. Nc5 Rxe1+ 29. Rxe1 Kh7 30. Ne4 Re8 31. Kg1 Re6 32. Rd1 Qh5 33. Rd2 Qg4 34. f3 Qh3 35. Bf2 Ne7 36. Qd3 Qf5 37. Nxd6 Qxf4 38. Bg3 Qxb4 39. Nxf7 Nf5 40. Kg2 Qe7 41. Nd6 Re3 42. Qc4 Nxg3 43. hxg3 Rc3 44. Qe4 Qd7 45. Qe2 Rc6 46. Ne4 Qe7 47. Qb5 Rc7 48. Qd5 Rb7 49. a4 Rb2 50. Rxb2 Bxb2 51. a5 Bg7 52. a6 Qc7 (52... Qa3 $11) 53. Qb7 $14 Be5 {[%emt 0:00:01] [#]} (53... Qc2+ $14 54. Kh3 h5) 54. Nf6+ $2 (54. f4 $1 $18 Qxb7 55. axb7) 54... Kh8 $1 $11 55. Qa8+ (55. Kh3 $1 $14) 55... Qb8 $11 56. Qxb8+ (56. Qb7 $6 Qc7 $16) 56... Bxb8 57. f4 Kg7 58. Nd5 Kf7 59. Kf3 Ke6 60. Ke4 Bd6 61. Nc3 Bc5 62. Nb5 h5 63. Nc3 Bf2 64. Kf3 Bd4 65. Ne4 Kd5 66. Ng5 Bf6 67. Ne4 Be7 68. Ke3 $2 (68. Nf2 $11 {and White has nothing to worry.}) 68... Kc6 69. Kd4 $2 (69. Nc3 $17 {was necessary.}) 69... Kb6 70. Ke5 h4 $2 (70... Kxa6 $19 71. Nc3 h4 72. gxh4 Bxh4) 71. gxh4 Bxh4 72. Ke6 Kxa6 73. Kf7 {[%emt 0:00:01] [#]} (73. f5 $1 $11 {was the only way to keep the balance.} gxf5 74. Kxf5) 73... Kb5 $1 $17 74. Kxg6 a5 75. f5 Bd8 $2 (75... Kc4 $19 {And now ...a4 would win.} 76. Nd2+ Kc3 77. Ne4+ Kc2) 76. f6 $11 Bxf6 77. Kxf6 Kb4 78. Nd2 Kc3 (78... a4 $5 79. Nb1 $8 Kc4 $11) 79. Nb1+ $1 Kc2 (79... Kb2 $5 80. Nd2 $8 a4 $11) 80. Na3+ Kb3 81. Nb1 Kb2 82. Nd2 a4 83. Ke5 Kc3 (83... a3 $5 84. Nc4+ $8 Kc3 85. Nxa3 $11) 84. Kd5 Kxd2 (84... a3 $5 85. Nb1+ $8 Kd3 86. Nxa3 $11) 85. Kc4 Ke1 (85... a3 $5 86. Kb3 $8 Ke3 $11) 86. Kb4 Kf1 87. Kxa4 1/2-1/2

[Event "CCT Final-KO 2024"]
[Site "Oslo"]
[Date "2024.12.21"]
[Round "1.1"]
[White "Nepomniachtchi, Ian"]
[Black "Carlsen, Magnus"]
[Result "1/2-1/2"]
[ECO "E42"]
[WhiteElo "2758"]
[BlackElo "2838"]
[Annotator "TA"]
[PlyCount "103"]
[EventDate "2024.12.11"]
[EventType "k.o."]
[EventCountry "NOR"]
[SourceTitle "playchess.com"]
[Source "ChessBase"]
[SourceQuality "1"]
[TimeControl "600+2"]

1. d4 Nf6 2. c4 e6 3. Nc3 Bb4 4. e3 c5 5. Nge2 d5 6. a3 Ba5 7. dxc5 dxc4 8. Bd2 Nbd7 9. Ng3 Nxc5 {[%emt 0:00:50][%cal Ob7b5] ...b5! would now be deadly.} 10. Bxc4 Bc7 11. O-O O-O 12. Qe2 Bd7 13. Rfd1 Qe7 14. Nb5 Be5 15. Bb4 a6 16. Nd4 a5 17. Bc3 Rfd8 {[%emt 0:01:41] [#]} 18. Nc6 $1 Bxc6 19. Bxe5 Ba4 20. Rxd8+ Rxd8 21. h3 h6 22. Rc1 Bc6 23. Bb5 Bxb5 24. Qxb5 Nd3 25. Rc7 (25. Bxf6 $1 $14 Qxf6 26. Rc2) 25... Qe8 $1 $11 26. Rxb7 (26. Qxa5 b6 27. Qc3 (27. Qxb6 $2 Nxe5 28. Qb3 Nd5 $19) 27... Nd5 28. Qxd3 Nxc7 $17) 26... Qxb5 27. Rxb5 Nxe5 28. Rxe5 {[%emt 0:00:01][%mdl 4096] Endgame KRN-KRN. White is a pawn up.} Rd1+ 29. Nf1 a4 (29... Nd5 $11) 30. g4 (30. Ra5 Ne4 31. f3 (31. Rxa4 $2 Nd2 $19) 31... Nd2 $17) 30... Nd5 {[%emt 0:00:47] [#]} 31. Re4 $1 Rb1 32. Rxa4 {[%emt 0:00:03] Threatens to win with Ra8+.} Rxb2 33. Ng3 Nc3 34. Rc4 (34. Rb4 $16 Ra2 35. Rb3) 34... Ne2+ $2 (34... Nd1 $1 $11 {and Black is okay.}) 35. Kg2 Nxg3 36. Kxg3 $16 {[%emt 0:00:01] KR-KR. White is a pawn up.} Ra2 37. Rc8+ Kh7 38. Ra8 g5 39. a4 Kg7 40. a5 Ra4 41. a6 Ra2 42. a7 Kf6 43. h4 Ra3 44. Kg2 Kg7 45. f4 $2 ({White should play} 45. h5 $18) 45... gxh4 $11 46. e4 e5 47. fxe5 Rg3+ 48. Kh1 Rh3+ 49. Kg2 Rg3+ 50. Kh2 {[%emt 0:00:01] Threatening mate with Rd8.} Ra3 $1 51. Kg2 Rg3+ 52. Kh2 1/2-1/2

[Event "CCT Final-KO 2024"]
[Site "Oslo"]
[Date "2024.12.20"]
[Round "1.2"]
[White "Vachier-Lagrave, Maxime"]
[Black "Carlsen, Magnus"]
[Result "1-0"]
[ECO "B27"]
[WhiteElo "2763"]
[BlackElo "2838"]
[Annotator "TA"]
[PlyCount "113"]
[EventDate "2024.12.11"]
[EventType "k.o."]
[EventCountry "NOR"]
[SourceTitle "playchess.com"]
[Source "ChessBase"]
[SourceQuality "1"]
[TimeControl "600+2"]

1. e4 c5 2. Nf3 g6 3. c3 d5 4. e5 a6 5. h3 Nc6 6. d4 Bg7 7. g3 Bf5 8. Bg2 e6 9. O-O Nge7 10. Be3 Qb6 11. g4 Be4 $1 12. Qb3 Qxb3 13. axb3 cxd4 14. cxd4 Bxf3 15. Bxf3 f6 16. exf6 Bxf6 17. Rd1 Nb4 18. Rd2 {[%emt 0:00:17] Repels Nc2} Nec6 19. Nc3 Rf8 20. Kg2 Kd7 21. Na4 Rae8 22. Nc5+ Kc7 23. g5 Bg7 24. Bg4 e5 25. dxe5 Bxe5 26. Re2 (26. Ne6+ $2 Rxe6 27. Bxe6 d4 $19) 26... d4 (26... Rf7 $14) 27. Bd2 $18 d3 28. Re4 {[%emt 0:00:05] Some like it hot} Bxb2 (28... Nd5 $16) 29. Rae1 Rxe4 (29... Bd4 $142 30. Bxb4 (30. Rxe8 Rxf2+ 31. Kg3 Rxd2 $11) (30. Rxd4 Nxd4 31. Bxb4 a5 $18) 30... Rxe4 31. Rxe4 Rxf2+ 32. Kg3 Bxc5 33. Bxc5 Rc2) 30. Rxe4 Kd6 31. Bxb4 Nxb4 32. Nxb7+ Kd5 33. Rxb4 d2 34. Na5 $2 (34. f4 $18) 34... Bd4 $14 {[%emt 0:01:04][%cal Of8f4] [#]} 35. Nc4 $1 Rxf2+ $2 (35... Rf4 $14 36. Rb7 (36. Nxd2 Rxf2+ 37. Kg3 Rxd2 $11) 36... Kc5 (36... Rxf2+ $2 37. Kg3 $18) (36... Rxg4+ 37. hxg4 d1=Q 38. Ne3+ Kc6 39. Nxd1 $16) 37. Rc7+ (37. Rxh7 $2 Rxg4+ 38. hxg4 d1=Q $19) (37. Nxd2 Rxf2+ 38. Kh1 Rxd2 $11) (37. Bf3 $2 Rxf3 38. Rc7+ Kb4 $19) 37... Kb4 38. Nxd2 Rxf2+ 39. Kh1 Rxd2) 36. Kg3 $18 Rf8 37. Nxd2 $2 ({White should try} 37. Rb7 $18) 37... Bf2+ $1 $11 38. Kg2 {[%emt 0:00:01] Black must now prevent Bf3+.} Bc5 39. Rb7 Rf2+ 40. Kg3 Rxd2 41. Rxh7 {[%emt 0:00:01][%mdl 4096] Endgame KRB-KRB. White is a pawn up.} Bd6+ 42. Kf3 Rd3+ 43. Ke2 Rxb3 44. Rg7 Ke4 45. Rxg6 Rb2+ 46. Kd1 Bf4 47. Re6+ Kd3 $2 ({Black should play} 47... Be5 $1 $14) 48. Bf5+ $18 (48. Rxa6 $2 Rb1#) 48... Kc3 49. g6 (49. Rxa6 Bxg5 50. Ra4 Rf2 $11) 49... Bh6 50. Rxa6 Kd4 51. Re6 (51. Ra7 $18 {and White stays clearly on top.}) 51... Rf2 (51... Rb5 $16) 52. Bg4 Kd5 {[%emt 0:00:04] [#]} (52... Rf8 {might work better.} 53. Re7 Rf1+ 54. Kc2 (54. Ke2 Rf6 $14) 54... Rc1+ 55. Kb2 Rc6) 53. Re7 $1 Rf6 $2 (53... Rf8 54. Ke2 Bg5) 54. g7 Rg6 {[%emt 0:00:01] [#]} 55. Re6 $1 Rxg4 (55... Rg5 56. Rxh6) 56. hxg4 Bxg7 57. Re8 1-0

[Event "CCT Final-KO 2024"]
[Site "Oslo"]
[Date "2024.12.20"]
[Round "1.2"]
[White "Nepomniachtchi, Ian"]
[Black "Firouzja, Alireza"]
[Result "1-0"]
[ECO "B48"]
[WhiteElo "2758"]
[BlackElo "2756"]
[Annotator "TA"]
[PlyCount "123"]
[EventDate "2024.12.11"]
[EventType "k.o."]
[EventCountry "NOR"]
[SourceTitle "playchess.com"]
[Source "ChessBase"]
[SourceQuality "1"]
[TimeControl "600+2"]

1. e4 c5 2. Nf3 e6 3. d4 cxd4 4. Nxd4 Nc6 5. Nc3 Qc7 6. Be3 a6 7. a3 b5 8. Nxc6 Qxc6 9. Qd4 Qd6 10. O-O-O Qxd4 11. Bxd4 Bb7 12. f3 Ne7 13. a4 b4 14. Na2 Nc6 15. Bf2 Be7 16. Kb1 d6 17. Nc1 O-O 18. Nb3 Rfc8 19. Bg3 Bf8 20. Be2 e5 21. Rd2 a5 22. Bf2 Ba6 23. Bxa6 Rxa6 24. Rhd1 f6 25. Rd5 Kf7 26. Rb5 Ke6 27. Rdd5 Rca8 28. Rb6 Be7 29. Rb7 f5 30. Nd2 fxe4 (30... g6 $16) 31. fxe4 $14 Rc8 ({Black should play} 31... Nb8 $14) 32. Be3 $16 Nd8 33. Rb6 $1 Raa8 {[%emt 0:00:06] [#]} (33... Rxb6 $16 34. Bxb6 Nc6) 34. b3 $1 $18 Nf7 (34... Rc7 $142 35. Nc4 Nc6) 35. Nc4 $18 Bd8 36. Rb7 Bc7 (36... Ra6 $16 37. Rdb5 g6) 37. Rbb5 Nd8 38. Bb6 Ra6 39. Bxc7 (39. Rxa5 Rxb6 40. Nxb6 Bxb6 $19) 39... Rxc7 40. Nxa5 ({Don't play} 40. Rxa5 Rxa5 41. Rxa5 Nb7 $18) 40... Nf7 41. Rxb4 Ng5 {[%emt 0:00:02] [#]} 42. Rdb5 $1 Rc5 (42... Rca7 $142) 43. Nb7 Rc7 (43... Rxb5 {might work better.} 44. axb5 Ra7) 44. h4 $18 Nf7 45. Na5 g5 46. h5 (46. Nc4 gxh4 47. Rb8 Ng5 $18) 46... g4 47. Nc4 Ng5 48. Rb7 Rxb7 49. Rxb7 Nxe4 50. Rxh7 Kf5 (50... Nf6 $142) 51. h6 d5 52. Ne3+ Ke6 53. Rg7 Ra8 54. Nxg4 d4 55. h7 Rh8 56. a5 Nd6 57. a6 Nf5 58. Rb7 (58. Rg6+ $142 Kd7 59. a7 (59. Nxe5+ Ke7 $18) 59... d3 60. Nxe5+ (60. cxd3 e4 $18) 60... Kc7 61. cxd3 (61. Nxd3 Ne7 $18) 61... Re8 62. Rg8 Rxe5 63. a8=Q (63. h8=B Ra5 $18) (63. h8=Q Re2 64. Qc3+ Kd6 65. a8=Q Re1+ 66. Qxe1 Nd4 67. Qb4+ Ke5 68. Qe4+ Kf6 69. Qf8#)) 58... Nd6 59. Rg7 Nf5 $1 60. Rg6+ Ke7 61. a7 e4 62. Rg8 1-0

[Event "CCT Final-KO 2024"]
[Site "Oslo"]
[Date "2024.12.20"]
[Round "1.3"]
[White "Carlsen, Magnus"]
[Black "Vachier-Lagrave, Maxime"]
[Result "1-0"]
[ECO "D78"]
[WhiteElo "2838"]
[BlackElo "2763"]
[Annotator "TA"]
[PlyCount "89"]
[EventDate "2024.12.11"]
[EventType "k.o."]
[EventCountry "NOR"]
[SourceTitle "playchess.com"]
[Source "ChessBase"]
[SourceQuality "1"]
[TimeControl "600+2"]

1. d4 Nf6 2. c4 g6 3. g3 c6 4. Bg2 d5 5. Nf3 Bg7 6. O-O O-O 7. Re1 dxc4 8. e4 b5 9. a4 a5 10. axb5 cxb5 11. Nc3 Bb7 12. d5 b4 13. Na4 $1 Nbd7 14. e5 (14. Bf4 $11) 14... Nxd5 $17 15. e6 N7b6 (15... fxe6 $17 16. Ng5 Ne5 17. Nxe6 (17. Nc5 Qb6 $15) 17... Qd6) 16. exf7+ $11 Rxf7 17. Ng5 (17. Nc5 $11 Qb8 18. Nxb7 Qxb7 19. Ne5) 17... Rf5 (17... Nxa4 $15 18. Nxf7 Kxf7 19. Qxa4 Nb6) 18. g4 (18. Ne6 $11 Qd6 19. Nxg7 Kxg7 20. g4) 18... Rf6 ({Black should try} 18... Rxg5 $1 $17 19. Bxg5 Nxa4 20. Qxa4 Nb6 (20... Bxb2 $2 21. Qb5 $18)) 19. Nc5 $11 Bc6 20. Nce6 Qd7 $1 21. Nxg7 Kxg7 22. Ne4 (22. Qd4 $15 Kg8 23. Ne4) 22... Nf4 $2 (22... Re6 $17 {aiming for ...Nf6.} 23. h3 c3) 23. Qxd7 $16 Nxd7 24. Nxf6 Nxg2 25. Re6 (25. Rxe7+ $2 Kxf6 26. Rxd7 Bxd7 $19) 25... Nxf6 (25... Nb8 $16 26. Ne4 (26. Rxe7+ $2 {perishes.} Kxf6 27. Rxh7 Ne1 $19) 26... Ne1) 26. Rxc6 $18 Ne1 27. Rxc4 Nd3 28. g5 Nd7 $2 (28... Ne8 29. Bf4 e5) 29. Rc7 $18 N7e5 30. Rxe7+ Kg8 31. Be3 a4 32. Kg2 a3 33. bxa3 b3 $2 (33... bxa3 34. Bd4 Nc6 35. Rg7+ Kf8) 34. Bd4 $18 Nf4+ 35. Kf1 Nf3 36. Bf6 Nxh2+ 37. Kg1 Nf3+ 38. Kh1 Nd3 39. Re3 Nfe1 40. Raxe1 Nxe1 41. Rxe1 Rxa3 42. Re8+ Kf7 43. Re7+ Kf8 44. Rxh7 Ra2 45. Kg2 1-0

[Event "CCT Final-KO 2024"]
[Site "Oslo"]
[Date "2024.12.20"]
[Round "1.3"]
[White "Firouzja, Alireza"]
[Black "Nepomniachtchi, Ian"]
[Result "1/2-1/2"]
[ECO "A07"]
[WhiteElo "2756"]
[BlackElo "2758"]
[Annotator "TA"]
[PlyCount "119"]
[EventDate "2024.12.11"]
[EventType "k.o."]
[EventCountry "NOR"]
[SourceTitle "playchess.com"]
[Source "ChessBase"]
[SourceQuality "1"]
[TimeControl "600+2"]

1. Nf3 d5 2. b3 Bf5 3. Bb2 e6 4. g3 Nf6 5. Bg2 h6 6. O-O Be7 7. d3 O-O 8. Nbd2 a5 9. a3 Bh7 10. Re1 c6 11. e4 Re8 12. Qe2 Bf8 13. h3 Qc7 14. e5 Nfd7 15. g4 c5 16. g5 a4 17. gxh6 gxh6 18. Nh2 Nc6 19. Ng4 Nd4 20. Bxd4 cxd4 21. Nf3 axb3 22. cxb3 Qc3 23. Bf1 Rec8 24. Rec1 Qxb3 25. Rab1 Qa4 26. Rxc8 Rxc8 27. Rxb7 Bg7 28. Qd2 Qc6 29. Ra7 (29. Nxh6+ $2 Bxh6 30. Qb4 Kh8 $19) 29... Ra8 $2 (29... h5 $11 {and Black stays safe.} 30. Nh6+ (30. Nxd4 Qb6 $17) 30... Bxh6 31. Qxh6 Qc1 32. Qxh5 (32. Qxc1 Rxc1 33. Kg2 Nc5 $11) 32... Bxd3 33. Qg4+ Kf8) 30. Nxd4 Qc8 31. Nxh6+ Bxh6 32. Rxa8 Qxa8 33. Qxh6 Nxe5 {[%emt 0:00:57] [#]} 34. Qg5+ $1 Ng6 {[%emt 0:00:00] [#]} 35. h4 $1 Qa4 36. Nf3 ({Not} 36. Qd8+ Kg7 37. Qb6 Nxh4 $11 (37... Qxa3 38. h5 $11)) 36... Qf4 37. Qxf4 Nxf4 38. a4 Nxd3 (38... Bxd3 $142 39. a5 Ne2+ 40. Kh2 Bb5 41. Bxe2 Bxe2) 39. a5 $18 Nc5 40. a6 Nxa6 41. Bxa6 Kg7 42. Kh2 f6 43. Bb7 Kf7 44. Kg3 Ke7 (44... Bg6 $142 45. Nd4 Bh5) 45. h5 $18 Kd6 46. h6 Ke7 47. Nh4 (47. Bc8 $142 {Nd4 would now be deadly.} Kf7 48. Nd4) 47... d4 (47... Kf7 $142 48. Kf3 Be4+ 49. Ke3 Kg8) 48. f4 $18 Kf7 49. Bf3 Bc2 50. Bg4 $2 (50. Bh5+ Kg8 51. Nf3) 50... e5 $18 51. f5 $2 (51. Bd7 $18) 51... Kg8 $1 $11 52. Nf3 Kh7 53. Ne1 Be4 54. Kh4 Kxh6 55. Nf3 Bc2 56. Kg3 Be4 57. Nd2 Bc2 58. Nf3 Be4 59. Nd2 Bc2 60. Nf3 1/2-1/2

[Event "CCT Final-KO 2024"]
[Site "Oslo"]
[Date "2024.12.20"]
[Round "1.4"]
[White "Vachier-Lagrave, Maxime"]
[Black "Carlsen, Magnus"]
[Result "1/2-1/2"]
[ECO "C88"]
[WhiteElo "2763"]
[BlackElo "2838"]
[Annotator "TA"]
[PlyCount "108"]
[EventDate "2024.12.11"]
[EventType "k.o."]
[EventCountry "NOR"]
[SourceTitle "playchess.com"]
[Source "ChessBase"]
[SourceQuality "1"]
[TimeControl "600+2"]

1. e4 e5 2. Nf3 Nc6 3. Bb5 a6 4. Ba4 Nf6 5. O-O Be7 6. Re1 b5 7. Bb3 O-O 8. a4 Rb8 9. axb5 axb5 10. h3 d6 11. c3 b4 12. d3 bxc3 13. bxc3 h6 14. Nbd2 Bd7 15. Nf1 Ra8 16. Rb1 Re8 17. g4 Be6 18. Ba4 Bd7 19. Ne3 Nd4 20. Bxd7 Nxf3+ 21. Qxf3 Nxd7 22. Nf5 Bg5 23. Bxg5 hxg5 24. Kg2 g6 25. Ne3 (25. Nh6+ $2 Kg7 26. Nxf7 (26. Qxf7+ $2 Kxh6 27. d4 Qe7 $19) 26... Qe7 27. Nxg5 Qxg5 $19) 25... Nf8 26. Nd5 Kg7 27. Rb7 Ne6 28. Reb1 Rf8 29. Kg1 (29. Kh2 $1 $11) 29... Rc8 $1 $17 30. Ra7 {[%emt 0:00:17] [#]} f6 (30... c6 $1 $17 31. Ne3 Rb8) 31. Rbb7 Rf7 32. Qd1 Nc5 33. Rb1 Rb8 34. Kh2 c6 (34... Ra8 $15 35. Rxa8 Qxa8) 35. Rxf7+ $11 Kxf7 36. Ne3 Rxb1 37. Qxb1 Qc7 38. Kg3 Kg7 39. h4 ({White should play} 39. Kh2 $11) 39... gxh4+ $15 40. Kxh4 {[%emt 0:00:01] [#]} Ne6 (40... d5 $1 $17 {[%cal Rd5d4] And now ...d4 would win.} 41. Qc2 (41. exd5 e4 $17) 41... d4) 41. Ng2 $11 d5 42. Kg3 dxe4 43. dxe4 Qd7 44. f3 Qd2 45. Qb7+ Kh6 46. Qc8 Nd8 $1 47. Qc7 Ne6 48. Qc8 Nd8 $1 49. c4 Kg7 50. Qc7+ Kf8 51. Nh4 Qe1+ 52. Kg2 Qe2+ 53. Kg3 Qe1+ 54. Kg2 Qe2+ 1/2-1/2

[Event "CCT Final-KO 2024"]
[Site "Oslo"]
[Date "2024.12.20"]
[Round "1.4"]
[White "Nepomniachtchi, Ian"]
[Black "Firouzja, Alireza"]
[Result "1-0"]
[ECO "B92"]
[WhiteElo "2758"]
[BlackElo "2756"]
[Annotator "TA"]
[PlyCount "93"]
[EventDate "2024.12.11"]
[EventType "k.o."]
[EventCountry "NOR"]
[SourceTitle "playchess.com"]
[Source "ChessBase"]
[SourceQuality "1"]
[TimeControl "600+2"]

1. e4 c5 2. Nf3 d6 3. d4 cxd4 4. Nxd4 Nf6 5. Nc3 a6 6. Be2 e5 7. Nb3 Be7 8. O-O O-O 9. Qd3 Be6 10. Rd1 {[%emt 0:00:02] 10.Bd2 is a critical line. B92: Sicilian Najdorf: 6 Be2.} a5 11. Be3 Nc6 12. a3 Nd7 $146 ({Predecessor:} 12... Ng4 13. Bxg4 Bxg4 14. f3 Be6 15. Qb5 Qc8 16. Qd3 f5 17. Nd2 Qe8 18. exf5 Bxf5 {1-0 Cook,P (1805)-Weggen,R (1839) AUS/NZ-NED email 2013 [42]}) 13. Nd5 a4 14. Nd2 Bg5 15. Bxg5 $1 Qxg5 16. Nc7 Nc5 17. Qxd6 Rad8 (17... Rac8 $16 {was necessary.}) 18. Qxc5 $18 Rxd2 19. Rxd2 Qxd2 20. Bf1 ({White should try} 20. Nxe6 $18 fxe6 21. Bd3) 20... Nd4 $16 {[%emt 0:00:26] [#]} 21. Bd3 $1 (21. Qxe5 $6 Nxc2 22. Rb1 (22. Nxe6 $2 fxe6 23. Qxe6+ Kh8 $19) 22... Ba2 $11) 21... Qg5 22. Kh1 h5 (22... Qf6 $16) 23. Rf1 (23. Nd5 $18) 23... Qf4 $16 24. f3 (24. Nxe6 $16 fxe6 25. Qa7) 24... h4 $1 $14 25. c3 (25. Qc3 $14 {stays ahead.}) 25... h3 26. cxd4 $4 (26. Nxe6 $1 $15 hxg2+ (26... Nxe6 27. Qf2 $17) 27. Kxg2 Nxe6 (27... fxe6 28. cxd4 Qd2+ 29. Rf2 $16) 28. Qf2) 26... Qd2 $19 27. gxh3 Qxd3 28. Rf2 Bxh3 (28... exd4 29. Kg2 $11) 29. Qc2 Qxd4 $2 (29... Qe3 $19 {( -> ...Qe1+)} 30. Qd2 Qxd2 (30... exd4 31. Nd5 $16) (30... Qxd4 31. Qxd4 exd4 32. Nd5 $14) 31. Rxd2 Rc8 32. dxe5 Rxc7) 30. Nd5 $11 b6 31. Rd2 Qc5 32. Qxc5 (32. Qxa4 {keeps more tension.} Rc8 33. Qd1 b5 34. Qg1) 32... bxc5 33. Kg1 Be6 34. Nc3 Ra8 35. Kf2 g6 36. Rd6 Kg7 37. Rc6 Rb8 (37... Ra5 $14) 38. Nxa4 $16 Bd7 39. Rb6 $1 Rc8 40. Nc3 Rh8 41. Kg3 Be6 42. a4 Rd8 43. a5 Ra8 (43... Bc4 $142 44. Nb5 Ra8) 44. Rb5 $18 Rc8 45. a6 Bc4 {[%emt 0:00:03] [#]} 46. Ra5 $1 f5 47. a7 1-0